Unix xNetHack Version 7.1.0 - last build Dec 11 2022 15:18:36 (91bc4d2507b4b34ac92889b06d50a936f6bde808). Game began 2022-12-30 20:32:46, ended 2022-12-31 00:07:31. UristMcRaven, chaotic female elven Wizard ----------- --- |.........| ..| .........------------- ---------- .......| -...................------------ ---- --- ....!....v..?....- -.............................--------- ... .....%.<.............- -......................................0 ..................!.....- -...............................................................- -............................%................................- -.............................e.............................- --........................................................^..-- --........................................?....................-- --...%.........................................................?.-- --....................................*...[.......!................- --.............................--------- .......*................H*.- ---...................------------ --------- .............(..- |.v.......------------- --------- ......| |.........| | ----------- UristMcRaven the Thaumaturge St:5 Dx:9 Co:15 In:20 Wi:14 Ch:14 Chaotic Dlvl:14 $:165 HP:0(61) Pw:113(124) AC:5 Xp:9/2822 T:10072 Satiated Latest messages: Showing known terrain and traps only... (For instructions type a '?') You see no objects here. A gush of water hits the human zombie! The flaming sphere turns into a rock mole! The plains centaur zaps a wand of magic missile! The magic missile hits the jaguar! The magic missile hits you! Some missiles bounce off! In what direction? The magic missile hits the jaguar! The jaguar claws you! The jaguar claws you! The jaguar bites! The plains centaur zaps a wand of magic missile! The magic missile hits the jaguar. The magic missile hits you! Some missiles bounce off! In what direction? The magic missile hits the jaguar! The magic missile hits the plains centaur! The jaguar claws you! The jaguar claws you! The jaguar bites! What do you want to zap? In what direction? The sleep ray hits the jaguar. The dwarf lord picks up a potion. The plains centaur zaps a wand of magic missile! The jaguar is killed by the magic missile! The magic missile hits you! Some missiles bounce off! Wizard, your life force is running out. # Are you sure you want to pray? [yn] (n) You begin praying to Anhur. The plains centaur zaps a wand of magic missile! The magic missile hits you! Some missiles bounce off! The magic missile bounces! You finish your prayer. You feel that Anhur is displeased. The winged gargoyle picks up a scroll. The energy vortex engulfs you! Your mithril lantern goes out! The air around you crackles with electricity. You die... Do you want your possessions identified? [ynq] (y) Do you want to see your attributes? [ynq] (y) Do you want an account of creatures vanquished? [ynaq] (y) Major events: Turn 1: UristMcRaven the chaotic female elven Wizard entered the dungeon 892: attained the rank of Conjurer (level 3) 958: entered the Gnomish Mines 3555: attained the rank of Thaumaturge (level 6) 3754: entered Sokoban 4764: reached Mine Town 5233: chose an elven dagger to be named "Sting" 6905: made her first wish - "grey dragon scales" 10052: entered the Bigroom 10072: killed by an energy vortex Inventory: Inventory: 447/550 weight (27/52 slots) Coins ('$') $ - 165 gold pieces {2} Weapons (')') a - an uncursed +0 knife {5} f - 10 uncursed +0 shuriken {10} j - 3 uncursed +1 darts {3} p - 8 uncursed rustproof +0 darts {8} w - 7 uncursed +0 copper darts {7} x - 4 cursed +0 darts {4} H - the uncursed +0 Sting (weapon in hand) {10} Armor ('[') b - an uncursed burnt +0 cloak of magic resistance (being worn) {8} u - an uncursed +0 stone orcish helm {26} N - an uncursed +2 pair of mithril dwarvish boots (being worn) {24} Comestibles ('%') c - an uncursed lizard corpse {10} S - 2 uncursed pancakes {4} Scrolls ('?') T - an uncursed scroll of identify {5} Wands ('/') l - an uncursed wand of sleep (0:0) {7} B - an uncursed wand of nothing (0:14) {7} G - an uncursed wand of teleportation (0:7) {7} I - an uncursed wand of striking (0:1) {7} M - an uncursed wand of magic missile (0:5) {7} R - an uncursed wand of secret door detection (0:14) {7} U - an uncursed wand of undead turning (0:3) {7} Potions ('!') W - an uncursed potion of speed {20} Tools ('(') g - an uncursed flute {5} k - a blessed bag of holding containing 41 items {218} q - an uncursed stethoscope {4} z - an uncursed towel {5} K - an uncursed mithril lantern {17} V - an uncursed skeleton key {3} Contents of the bag of holding: 1195 gold pieces an uncursed silver amulet versus poison an uncursed +0 pair of kicking boots an uncursed +0 pair of speed boots an uncursed +0 mummy wrapping an uncursed +0 set of gray dragon scales 3 uncursed food rations 6 uncursed tripe rations an uncursed lizard corpse 4 uncursed scrolls of blank paper an uncursed scroll of destroy armor 5 uncursed scrolls of identify a cursed scroll of identify a blessed scroll of light 6 uncursed scrolls of light 2 uncursed scrolls of magic mapping an uncursed scroll of remove curse an uncursed scroll of stinking cloud a cursed scroll of stinking cloud an uncursed scroll of teleportation an uncursed ring of cold resistance an uncursed ring of conflict a cursed -1 ring of increase damage a cursed ring of teleportation an uncursed potion of invisibility 2 uncursed potions of monster detection 3 uncursed potions of sickness a blessed potion of sleeping an uncursed potion of sleeping 6 potions of holy water an uncursed +0 pick-axe an uncursed jade stone 2 uncursed obsidian stones an uncursed opal 3 uncursed worthless pieces of green glass 2 uncursed worthless pieces of orange glass an uncursed worthless piece of red glass 3 uncursed worthless pieces of violet glass 2 uncursed worthless pieces of white glass a cursed worthless piece of white glass 4 uncursed worthless pieces of yellow glass UristMcRaven the Wizard's attributes: Background: You were a Thaumaturge, a level 9 female elven Wizard. You were chaotic, on a mission for Anhur who was opposed by Ptah (lawful) and Thoth (neutral). You were heterosexual. You were in the Dungeons of Doom, on level 14, a very big room. You entered the dungeon 10072 turns ago. It was the midnight hour. You had 2822 experience points, 2298 more were needed to attain level 10. Basics: You had 0 out of 61 hit points. You had 113 out of 124 energy points (spell power). Your armor class was 5. Your wallet contained 165 zorkmids. Autopickup was on for '$"=/!?+' plus thrown, with exceptions. Final Characteristics: Your strength was 5 (peak:8, limit:18). Your dexterity was 9 (peak:11, limit:18). Your constitution was 15 (limit:16). Your intelligence was 20 (limit:20). Your wisdom was 14 (limit:20). Your charisma was 14 (limit:18). Final Status: You were engulfed by an energy vortex. You were satiated. You were unencumbered. You were wielding a dagger. You were unskilled in dagger. Final Attributes: You were piously aligned. You were magic-protected. You were cold resistant. You were sleep resistant. You were telepathic. You were aware of the presence of orcs. You had infravision. You were warded. You were harmed by iron. You were unlucky. Anhur was angry with you. You are dead. Miscellaneous: You disabled loading of bones levels. Total elapsed playing time was 1 hour, 45 minutes and 11 seconds. Vanquished creatures: an air elemental 2 small mimics a xan a gelatinous cube a large dog a tiger 2 giant beetles 3 wolves a winter wolf cub 2 spotted jellies 2 leprechauns 2 giant spiders a horse a black light an orc mummy a brown pudding a werewolf 2 lizards 2 jaguars a water nymph a dust vortex 4 snakes 5 apes 2 human zombies a soldier ant a bugbear 4 Uruk-hai 3 rock piercers a rock mole a pony a fog cloud a yellow light a violet fungus a black mold 3 gnome leaders 2 gnomish wizards a barrow wight 2 ghouls a paper golem 3 floating eyes 3 kittens 7 dwarves 2 kobold leaders 2 kobold shamans 5 hill orcs 3 rothes a giant bat 2 orc zombies a dwarf zombie a wererat a werejackal an iguana 5 killer bees an acid blob 3 hobbits 2 manes a large kobold a cave spider a brown mold 5 yellow molds a green mold a red mold 23 gnomes a gnome zombie 2 geckos 6 jackals a fox 2 kobolds 5 goblins 2 sewer rats a grid bug a bat 7 lichens a kobold zombie 8 newts 178 creatures vanquished. No species were genocided or became extinct. Voluntary challenges: You read items or engraved 14 times. You never genocided any monsters. You never polymorphed an object. You never changed form. You used 1 wish. You did not wish for any artifacts. You never owned a pet. You never scared an enemy with impunity. You were celibate. You did not violate any of the special Sokoban rules. Achievements: You entered a shop. You attained the rank of Conjurer. You entered the Gnomish Mines. You attained the rank of Thaumaturge. You entered Sokoban. You entered Minetown. You entered a temple. You entered the Big Room. The Dungeons of Doom: levels 1 to 14 Level 1: A tree. Level 2: A fountain, a tree. Stairs down to The Gnomish Mines. Level 3: A delicatessen, a fountain. Level 4: Some fountains. Level 5: A general store. Level 6: "vaulttp" A potion shop, a fountain. Level 7: Many fountains. Oracle of Delphi. Level 8: A fountain. Stairs up to Sokoban, level 7. Level 9: Level 10: A fountain. Level 11: Level 12: Level 13: A fountain. Summoned by Neferet the Green. Level 14: <- You were here. A very big room. Final resting place for you, killed by an energy vortex. The Gnomish Mines: levels 3 to 6 Level 3: Level 4: Level 5: Many shops, a temple to Anhur, some fountains. Level 6: Sokoban: Level 7: Unsolved. Game over: __________ / \ / REST \ / IN \ / PEACE \ / \ | UristMcRaven | | 1360 Au | | killed by an | | energy vortex | | | | | | 2022 | *| * * * | * _________)/\\_//(\/(/\)/\//\/|_)_______ Goodbye UristMcRaven the Wizard... You died in The Dungeons of Doom on dungeon level 14 with 13192 points, and 1360 pieces of gold, after 10072 moves. You were level 9 with a maximum of 61 hit points when you died.